 Dungeon Crawl Stone Soup version 0.23.2-33-g5129a83184 (webtiles) character file.

Game seed: 7475083872120255897

968136 Madgibble the Pulveriser (level 25, -24/148 HPs)
             Began as a Vine Stalker Fighter on July 5, 2019.
             Was the Champion of Ru.
             Annihilated by Myrhekk the pandemonium lord (31 damage)
             ... in Pandemonium on July 19, 2019.
             The game lasted 12:42:48 (79870 turns).

Madgibble the Pulveriser (Vine Stalker Fighter)    Turns: 79870, Time: 12:42:49

Health: -24/148    AC: 41    Str: 28      XL:     25
Magic:  0/49       EV: 16    Int:  6 (8)  God:    Ru [******]
Gold:   13834      SH:  0    Dex: 17      Spells: 41/67 levels left

rFire    + + +     SeeInvis +   m - +7 lajatang of Order {silver, rMut}
rCold    + + +     Gourm    .   (shield currently unavailable)
rNeg     + + +     Faith    .   J - +9 scales of the Dragon King {rPois rF+ rC+ MR+}
rPois    +         Spirit   +   n - +4 helmet "Qeugryan" {rElec rF+}
rElec    +         Reflect  .   o - scarf {repulsion}
rCorr    +         Harm     .   R - -3 pair of gloves of Winter {rC++}
rMut     +                      u - +3 pair of boots "Xaha" {rElec}
MR       ++++.                  F - macabre finger necklace {rN+}
Stlth    ..........             C - ring of Ipaha {rCorr rN+ Slay+3}
HPRegen  1.14/turn              H - ring of positive energy
MPRegen  0.31/turn              S - ring of Meiczet {+Blink Str+2 Dex-4 Slay+5 SInv}

@: exhausted, drained, repel missiles
A: fangs 3, iridescent scales 1, agile 1, blurry vision 1, fire resistance 1,
sense surroundings 1, poison resistance, regeneration 2, screaming 1, magic
shield, antimagic bite, no potion heal 3, rot immunity, inability to use
devices, hated by all, no air magic, no hexes magic, no summoning magic,
inexperienced 1
}: 8/15 runes: barnacled, slimy, silver, golden, abyssal, magical, dark,
gossamer
a: Draw Out Power, Power Leap, Apocalypse, Renounce Religion


You were in Pandemonium.
You worshipped Ru.
Ru was exalted by your worship.
You were hungry.

You visited 12 branches of the dungeon, and saw 56 of its levels.
You visited Pandemonium 1 time, and saw 9 of its levels.
You visited the Abyss 2 times.
You visited 1 bazaar.
You also visited: Sewer, Gauntlet, Ice Cave and Wizlab.

You collected 18375 gold pieces.
You spent 4541 gold pieces at shops.

Inventory:

Hand Weapons
 c - a +9 lajatang of speed
 m - the +7 lajatang of Order (weapon) {silver, rMut}
   (You took it off a crimson imp on level 13 of the Dungeon)

   It protects you from mutation.
Missiles
 Y - 35 javelins of penetration (quivered)
Armour
 b - the +0 cloak "Fidiuseph" {*Drain rN+ Str+2 Int+3}
   (You found it on level 3 of the Tomb of the Ancients)

   It affects your strength (+2).
   It affects your intelligence (+3).
   It protects you from negative energy.
   It causes draining when unequipped.
 n - the +4 helmet "Qeugryan" (worn) {rElec rF+}
   (You found it on level 5 of the Pits of Slime)

   It protects you from fire.
   It insulates you from electricity.
 o - a scarf of repulsion (worn)
 s - a +2 pair of boots
 u - the +3 pair of boots "Xaha" (worn) {rElec}
   (You found it on level 4 of the Lair of Beasts)

   It insulates you from electricity.
 x - the +1 pair of boots of the Iron Devil {MR+}
   (You acquired it on level 5 of the Depths)

   It affects your resistance to hostile enchantments.
 J - the +9 scales of the Dragon King (worn) {rPois rF+ rC+ MR+}
   (You took it off a deep elf master archer on level 3 of the Elven Halls)

   It protects you from fire.
   It protects you from cold.
   It protects you from poison.
   It affects your resistance to hostile enchantments.
 R - the -3 pair of gloves of Winter (worn) {rC++}
   (You found it on level 3 of the Elven Halls)

   It greatly protects you from cold.
 U - a scarf of cloud immunity
 Z - a +2 pair of gloves of dexterity
Jewellery
 e - the ring of Fabasi Farphy {rElec EV+4 Dex+3 Stlth+}
   (You found it on level 1 of the Vaults)

   [ring of evasion]

   It affects your evasion (+4).
   It affects your dexterity (+3).
   It insulates you from electricity.
   It makes you more stealthy.
 k - a +4 ring of slaying
 t - a +4 ring of dexterity
 v - an uncursed amulet of the gourmand {unknown}
 A - a cursed amulet of inaccuracy {unknown}
 C - the ring of Ipaha (left hand) {rCorr rN+ Slay+3}
   (You found it on level 5 of the Vaults)

   [ring of resist corrosion]

   It affects your accuracy and damage with ranged weapons and melee attacks
   (+3).
   It protects you from negative energy.
 F - the macabre finger necklace (around neck) {rN+}
   (You bought it in a shop on level 2 of the Orcish Mines)

   [amulet of nothing]

   It protects you from negative energy.
 H - a ring of positive energy (right hand)
 N - an uncursed ring of fire
 S - the ring of Meiczet (on amulet) {+Blink Str+2 Dex-4 Slay+5 SInv}
   (You took it off a deep elf master archer on level 3 of the Elven Halls)

   [ring of strength]

   It affects your strength (+2).
   It affects your dexterity (-4).
   It affects your accuracy and damage with ranged weapons and melee attacks
   (+5).
   It lets you see invisible.
   It lets you blink.
Scrolls
 a - 5 scrolls of silence
 j - 27 scrolls of teleportation
 p - 11 scrolls of identify
 w - 8 scrolls of fear
 y - 33 scrolls of remove curse
 z - 2 scrolls of enchant armour
 D - 4 scrolls of holy word
 I - 4 scrolls of immolation
 K - 7 scrolls of fog
 M - 14 scrolls of blinking
 P - a scroll of amnesia
 T - a scroll of magic mapping
Potions
 d - 13 potions of might
 g - 16 potions of flight
 h - 5 potions of mutation
 i - 9 potions of ambrosia
 l - 33 potions of curing
 q - 2 potions of agility
 r - 7 potions of invisibility
 E - 8 potions of magic
 G - 10 potions of haste
 L - 8 potions of cancellation
 O - a potion of brilliance
 Q - 2 potions of resistance
Miscellaneous
 B - a figurine of a ziggurat
Comestibles
 f - 68 rations


   Skills:
 * Level 20.7(19.0) Fighting
   Level 12.8(12.0) Short Blades
   Level 7.0(9.5) Long Blades
 * Level 22.1(20.3) Staves
 - Level 4.2(3.1) Throwing
 + Level 18.6(16.9) Armour
 + Level 18.7(17.1) Dodging
 - Level 15.3(13.8) Stealth
   Level 9.0(7.7) Shields
 * Level 21.8(20.0) Spellcasting
 - Level 14.6(13.1) Charms
 - Level 13.7(12.3) Necromancy
 + Level 18.1(16.5) Translocations


You had 41 spell levels left.
You knew the following spells:

 Your Spells              Type           Power        Failure   Level  Hunger
a - Shroud of Golubria    Chrm/Tloc      ###.......   1%          2    None
b - Blink                 Tloc           N/A          1%          2    None
c - Regeneration          Chrm/Necr      ###.......   1%          3    ##.....
d - Song of Slaying       Chrm           ###.....     1%          2    None
e - Lesser Beckoning      Tloc           ####......   1%          3    ##.....
f - Gell's Gravitas       Tloc           ####......   1%          3    ##.....
g - Sublimation of Blood  Necr           ###.......   1%          2    None
h - Apportation           Tloc           ####..       1%          1    None
i - Controlled Blink      Tloc           N/A          100%        8    #######

Your spell library contained the following spells:

 Spells                   Type           Power        Failure   Level  Hunger
 Infusion                 Chrm           ###.         1%          1    None
 Corpse Rot               Necr           N/A          1%          2    None
 Teleport Other           Tloc           ####....     1%          3    ##.....
 Passage of Golubria      Tloc           N/A          1%          4    ####...
 Excruciating Wounds      Chrm/Necr      ###.......   16%         5    #####..
 Agony                    Necr           ###.....     17%         5    #####..
 Dispel Undead            Necr           ###.....     17%         5    #####..
 Ozocubu's Armour         Chrm/Ice       ##......     21%         3    ##.....
 Beastly Appendage        Tmut           #.....       69%         1    None
 Flame Tongue             Conj/Fire      #....        69%         1    None
 Freeze                   Ice            #...         69%         1    None
 Magic Dart               Conj           #...         69%         1    None
 Sandblast                Erth           #.....       69%         1    None
 Sting                    Conj/Pois      #...         69%         1    None
 Passwall                 Tmut/Erth      #.......     83%         2    None
 Throw Frost              Conj/Ice       #.....       83%         2    None
 Iskenderun's Battlesphe  Conj/Chrm      ##......     88%         5    #####..
 Bolt of Draining         Conj/Necr      ##........   91%         5    #####..
 Borgnjor's Vile Clutch   Necr/Erth      ##........   91%         5    #####..
 Conjure Flame            Conj/Fire      #.......     96%         3    ##.....
 Spider Form              Tmut/Pois      #.........   96%         3    ##.....
 Stone Arrow              Conj/Erth      #.....       96%         3    ##.....
 Ice Form                 Ice/Tmut       #.......     100%        4    ####...
 Petrify                  Tmut/Erth      #.......     100%        4    ####...
 Throw Icicle             Conj/Ice       #.......     100%        4    ####...
 Blade Hands              Tmut           #.........   100%        5    #####..
 Bolt of Magma            Conj/Fire/Erth #.........   100%        5    #####..
 Irradiate                Conj/Tmut      #.........   100%        5    #####..
 Lee's Rapid Deconstruct  Erth           #.........   100%        5    #####..
 Venom Bolt               Conj/Pois      #.........   100%        5    #####..
 Bolt of Cold             Conj/Ice       #.........   100%        6    #######
 Bolt of Fire             Conj/Fire      #.........   100%        6    #######
 Hydra Form               Tmut           #.........   100%        6    #######
 Iron Shot                Conj/Erth      #.........   100%        6    #######
 Statue Form              Tmut/Erth      #........    100%        6    #######
 Dragon Form              Tmut           #.........   100%        7    #######
 Orb of Destruction       Conj           #.........   100%        7    #######
 Borgnjor's Revivificati  Necr           ###.......   100%        8    #######
 Death's Door             Chrm/Necr      ###.......   100%        8    #######
 Disjunction              Tloc           ####......   100%        8    #######
 Necromutation            Tmut/Necr      ##........   100%        8    #######
 Shatter                  Erth           #.........   100%        9    #######
 Animate Skeleton         Necr           Unusable     N/A         1    N/A
 Animate Dead             Necr           Unusable     N/A         4    N/A
 Portal Projectile        Hex/Tloc       Unusable     N/A         3    N/A
 Recall                   Summ/Tloc      Unusable     N/A         3    N/A
 Swiftness                Chrm/Air       Unusable     N/A         2    N/A
 Spectral Weapon          Hex/Chrm       Unusable     N/A         3    N/A
 Summon Forest            Summ/Tloc      Unusable     N/A         5    N/A
 Death Channel            Necr           Unusable     N/A         6    N/A
 Confusing Touch          Hex            Unusable     N/A         1    N/A
 Corona                   Hex            Unusable     N/A         1    N/A
 Summon Butterflies       Summ           Unusable     N/A         1    N/A
 Summon Small Mammal      Summ           Unusable     N/A         1    N/A
 Call Imp                 Summ           Unusable     N/A         2    N/A
 Slow                     Hex            Unusable     N/A         2    N/A
 Sticks to Snakes         Tmut           Unusable     N/A         2    N/A
 Call Canine Familiar     Summ           Unusable     N/A         3    N/A
 Confuse                  Hex            Unusable     N/A         3    N/A
 Inner Flame              Hex/Fire       Unusable     N/A         3    N/A
 Mephitic Cloud           Conj/Pois/Air  Unusable     N/A         3    N/A
 Summon Guardian Golem    Hex/Summ       Unusable     N/A         3    N/A
 Tukima's Dance           Hex            Unusable     N/A         3    N/A
 Cause Fear               Hex            Unusable     N/A         4    N/A
 Fulminant Prism          Conj/Hex       Unusable     N/A         4    N/A
 Leda's Liquefaction      Hex/Erth       Unusable     N/A         4    N/A
 Summon Ice Beast         Ice/Summ       Unusable     N/A         4    N/A
 Summon Lightning Spire   Summ/Air       Unusable     N/A         4    N/A
 Aura of Abjuration       Summ           Unusable     N/A         5    N/A
 Metabolic Englaciation   Hex/Ice        Unusable     N/A         5    N/A
 Silence                  Hex/Air        Unusable     N/A         5    N/A
 Summon Demon             Summ           Unusable     N/A         5    N/A
 Summon Mana Viper        Hex/Summ       Unusable     N/A         5    N/A
 Yara's Violent Unravell  Hex/Tmut       Unusable     N/A         5    N/A
 Conjure Ball Lightning   Conj/Air       Unusable     N/A         6    N/A
 Darkness                 Hex            Unusable     N/A         6    N/A
 Deflect Missiles         Chrm/Air       Unusable     N/A         6    N/A
 Freezing Cloud           Conj/Ice/Air   Unusable     N/A         6    N/A
 Invisibility             Hex            Unusable     N/A         6    N/A
 Shadow Creatures         Summ           Unusable     N/A         6    N/A
 Simulacrum               Ice/Necr       Unusable     N/A         6    N/A
 Haunt                    Necr/Summ      Unusable     N/A         7    N/A
 Malign Gateway           Summ/Tloc      Unusable     N/A         7    N/A
 Spellforged Servitor     Conj/Summ      Unusable     N/A         7    N/A
 Summon Hydra             Summ           Unusable     N/A         7    N/A
 Discord                  Hex            Unusable     N/A         8    N/A
 Infestation              Necr           Unusable     N/A         8    N/A
 Dragon's Call            Summ           Unusable     N/A         9    N/A
 Tornado                  Air            Unusable     N/A         9    N/A

Dungeon Overview and Level Annotations

Branches:
Dungeon (15/15)            Temple (0/1) D:4            Lair (6/6) D:11
 Shoals (4/4) Lair:3       Spider (4/4) Lair:3        Slime (5/5) Lair:5
    Orc (2/2) D:11            Elf (3/3) Orc:2        Vaults (5/5) D:13
  Crypt (3/3) Vaults:2       Tomb (3/3) Crypt:3      Depths (5/5) D:15
   Hell (1/1)                 Dis (0/7) Hell            Geh (0/7) Hell
    Coc (0/7) Hell            Tar (0/7) Hell            Zot (0/5) Depths:5

Altars:
Ashenzari
Cheibriados
Dithmenos
Gozag
Kikubaaqudgha
Makhleb
Okawaru
Qazlal
Ru
Trog
Vehumet
Xom
Zin
The Shining One
Beogh
Jiyva

Shops:
D:5 *   D:7 (   D:8 %   D:10 [:   D:12 *   D:15 ?   Orc:2 =[[!(   Elf:1 !
Elf:2 *   Vaults:1 ((   Vaults:2 *   Vaults:3 :   Depths:4 !}=}

Portals:
Hell: Depths:1 Depths:2 Depths:3 Depths:4 Depths:5
Abyss: Depths:2 Depths:3 Depths:4
Pandemonium: Depths:2 Depths:3 Depths:4
Ziggurat: Depths:3


Innate Abilities, Weirdness & Mutations

You have razor-sharp teeth.
You heal very quickly.
When hurt, damage is shared between your health and your magic reserves.
Your bite disrupts and absorbs the magic of your enemies.
Potions cannot restore your health.
You are immune to rotting.
You cannot study or use magical devices.
You are hated by all.
You cannot study or cast Air magic.
You cannot study or cast Hexes magic.
You cannot study or cast Summoning magic.
You are somewhat inexperienced. (-2 XL)
You are partially covered in iridescent scales. (AC +2)
You are agile. (Dex +2)
Scrolls take you a little longer to read.
Your flesh is heat resistant. (rF+)
You passively map a small area around you.
Your system is resistant to poisons. (rPois)
You occasionally shout uncontrollably at your foes.


Message History

The Brimstone Fiend closely misses you.
The Brimstone Fiend hits you but does no damage. x2
You redirect the demonic crawler's attack!
The demonic crawler completely misses Myrhekk.
The demonic crawler hits Myrhekk.
The demonic crawler completely misses Myrhekk.
Really read with blurry vision while enemies are nearby?
Uppercase [Y]es or [N]o only, please.
Really read with blurry vision while enemies are nearby?
The sentinel's mark upon you fades away.
The Executioner is stunned by your will and fails to attack.
The balrug begins to attack, but is stunned by your will!
The neqoxec gestures at you.
Strange energies course through your body.
You feel odd for a moment.
The Executioner hits you but does no damage. x2
The Executioner closely misses you.
The sun demon hits you but does no damage.
Myrhekk hits you!!
You die...

... *,......# ###.=
......* #.#'# ,###...,
##...### #.#'# ,, ,
#.∩...?###33.### *
##......46.45...#' ,
#...3..2##.3...##.##,
##..1.1..#......'...#
#....@3.####...##....#
#...s&..#..#3#.#,...##
####'####....###...##.
#.......#.....'...##..
##.....##.)...##.##...
#.....#.......###....
##...####.....##.....
#...'..#'#...'......
##.##....###.####3##


You could see Myrhekk, a Brimstone Fiend, a balrug, an Executioner, a demonic
crawler, a sun demon, a torturous demonspawn, an orange demon and a neqoxec.

Vanquished Creatures
  the Royal Jelly (Slime:5)
  Gloorx Vloq (Pan)
  Lom Lobon (Pan)
  Mennas (Depths:5)
  Mara (Shoals:3)
  5 pandemonium lords (Pan)
  4 ancient liches
  31 greater mummies
  Boris (Crypt:3)
  Frederick (Crypt:3)
  Saint Roka (Depths:5)
  Margery (Vaults:4)
  Geryon (Hell)
  9 caustic shrikes
  A golden dragon (Depths:4)
  9 bone dragons
  A Hellbinder (WizLab)
  3 profane servitors
  Arachne (Spider:2)
  10 Brimstone Fiends (Pan)
  Rupert (Lair:4)
  3 Tzitzimimeh
  A shard shrike zombie (Crypt:1)
  2 Hell Sentinels
  5 tentacled monstrosities
  A hellephant (Hell)
  4 Ice Fiends
  Asterion (Elf:2)
  6 titans
  2 deep elf blademasters (Elf:3)
  13 liches
  2 deep elf master archers (Elf:3)
  18 acid blobs
  5 quicksilver dragons
  32 tentacled starspawn
  Polyphemus (Shoals:2)
  21 Executioners
  8 tengu reavers
  Frances (Shoals:2)
  9 ancient champions
  9 sphinxes
  Agnes (D:15)
  Gastronok (Lair:2)
  A kraken (Shoals:1)
  Kirke (Shoals:3)
  4 storm dragons
  9 shadow dragons
  A draconian monk (Depths:5)
  A thorn hunter (Abyss:3)
  3 revenants (Tomb:1)
  Ilsuiw (Shoals:3)
  18 azure jellies
  3 daevas
  A draconian knight (Depths:5)
  5 deep elf sorcerers
  5 ghost moths
  17 frost giants
  3 iron dragons
  5 fire giants
  10 balrugs
  17 cacodemons
  2 emperor scorpions
  An orc warlord (Orc:2)
  Aizul (Shoals:2)
  11 vault wardens
  4 curse skulls
  2 draconian scorchers (Abyss:4)
  8 deep elf elementalists
  A draconian stormcaller (Abyss:4)
  6 warmongers (Pan)
  A caustic shrike zombie (Depths:3)
  The ghost of Jaiteiro the Peltast, an adept GrFi of Qazlal (Shoals:4)
  2 caustic shrike skeletons (Depths:3)
  4 draconian annihilators
  4 ghouls
  22 very ugly things
  17 stone giants
  23 reapers
  6 war gargoyles
  A juggernaut skeleton (Depths:3)
  A spriggan defender (Depths:5)
  13 ironheart preservers
  2 ophanim
  3 entropy weavers
  3 vampire knights
  6 deep elf demonologists
  4 bennus
  7 corrupters (Pan)
  A green draconian (Abyss:1)
  5 blood saints (Pan)
  19 lorocyprocas
  8 black suns (Pan)
  A black draconian (Depths:5)
  5 deep elf annihilators
  7 spark wasps
  2 yellow draconians (Depths:5)
  A dire elephant (D:15)
  A white draconian (Depths:5)
  A red draconian (Depths:5)
  14 ettins
  15 green deaths
  12 blizzard demons
  A minotaur (Gauntlet)
  11 eidola
  A merfolk javelineer (Shoals:4)
  A quicksilver dragon zombie (Depths:3)
  3 death oozes (Slime:5)
  18 deep elf death magi
  11 merfolk impalers
  8 fire dragons
  28 mummy priests
  18 yaktaur captains
  7 jiangshi
  8 rakshasas
  13 great orbs of eyes
  11 monstrous demonspawn
  7 ice dragons
  3 deep elf high priests
  9 hydras
  4 quicksilver dragon skeletons
  3 catoblepae
  A hell beast (WizLab)
  A merfolk avatar (Lair:6)
  3 spriggan air magi
  30 vault guards
  A naga warrior (Abyss:4)
  10 centaur warriors
  14 ogre magi
  29 two-headed ogres
  9 merfolk aquamancers
  2 death knights
  77 large abominations
  A death yak (shapeshifter) (Vaults:1)
  71 death scarabs
  30 dancing weapons
  A satyr (shapeshifter) (D:14)
  5 deep troll shamans
  15 hell hogs
  3 orc high priests (Orc:2)
  13 death yaks
  A satyr (Shoals:4)
  7 tengu warriors
  4 vampire magi
  28 thrashing horrors
  5 spriggan berserkers
  3 shock serpents (Pan)
  2 titan zombies
  36 soul eaters
  10 deep troll earth magi
  Sonja (Lair:3)
  38 sun demons
  12 deep elf knights
  2 iron trolls (Depths:4)
  37 small abominations
  A fire crab (shapeshifter) (Vaults:1)
  29 hell knights
  12 spatial maelstroms
  16 shadow wraiths
  3 storm dragon zombies
  31 skeletal warriors
  26 wretched stars
  6 flayed ghosts
  19 deep trolls
  2 storm dragon skeletons
  7 unseen horrors
  3 torturous demonspawn (Pan)
  23 sixfirhies
  10 sea snakes
  6 infernal demonspawn
  4 titan skeletons
  12 shadow demons
  7 glowing orange brains
  3 anaconda zombies (Hell)
  A ghost moth zombie (Crypt:3)
  A deep troll (shapeshifter) (Depths:5)
  2 shadow dragon zombies
  5 gelid demonspawn (Pan)
  7 wizards
  2 golden dragon skeletons
  An iron giant skeleton (Crypt:2)
  4 iron dragon zombies
  An anaconda skeleton (Crypt:3)
  3 wolf spider zombies
  12 deep elf archers
  10 harpies
  15 phantasmal warriors
  16 orb spiders
  10 orc knights
  3 shadow dragon skeletons
  2 tengu zombies (Depths:3)
  12 ironbrand convokers
  26 necromancers
  A faun (shapeshifter) (Depths:3)
  3 orc sorcerers
  8 shining eyes
  5 fire giant zombies
  11 manticores
  11 fauns
  73 ugly things
  2 tengu skeletons
  27 wolf spiders
  57 deep elf magi
  6 worldbinders
  2 frost giant zombies
  3 stone giant zombies
  A salamander (D:15)
  3 draconians (Abyss:4)
  A sphinx skeleton (Depths:3)
  8 cyclopes
  18 vault sentinels
  An iron dragon skeleton (Pan)
  2 ice statues (IceCv)
  6 fire giant skeletons
  4 elephants (Lair:6)
  A guardian serpent (shapeshifter) (D:14)
  A stone giant skeleton (Crypt:3)
  3 moths of wrath
  A black mamba (shapeshifter) (D:14)
  4 water nymphs
  A dire elephant zombie (Hell)
  2 shock serpent zombies
  3 centaur zombies
  2 naga magi (Abyss:4)
  15 merfolk sirens
  Joseph (D:8)
  A frost giant skeleton (Pan)
  5 black mambas
  2 guardian serpents (Abyss:4)
  23 orange demons
  71 smoke demons
  A spiny frog (shapeshifter) (Abyss:5)
  7 rust devils
  2 torpor snails
  6 eyes of devastation
  3 gargoyles
  A death yak zombie (Crypt:1)
  7 spiny frogs
  7 apocalypse crabs
  A storm dragon simulacrum (Vaults:3)
  15 hellions
  A komodo dragon (shapeshifter) (Vaults:1)
  7 komodo dragons
  A centaur skeleton (D:13)
  An elephant slug zombie (Crypt:2)
  5 rime drakes
  14 freezing wraiths
  12 tormentors
  2 efreet (Abyss:4)
  24 demonic crawlers
  A dire elephant skeleton (Hell)
  58 guardian mummies
  29 ancient zymes
  A minotaur skeleton (Crypt:3)
  4 golden dragon simulacra
  17 red devils
  70 yaktaurs
  49 hellwings
  3 hydra zombies
  44 jumping spiders
  23 ice devils
  2 polar bears
  2 harpy zombies
  2 trolls (shapeshifter)
  2 wind drakes (shapeshifter)
  A meliai (shapeshifter) (Elf:1)
  A tengu conjurer (D:15)
  3 trolls
  A sphinx simulacrum (Depths:3)
  9 wind drakes
  2 hydra skeletons
  2 queen bees (shapeshifter)
  16 hornets
  2 harpy skeletons
  34 merfolk
  A snapping turtle (shapeshifter) (D:13)
  11 tyrant leeches (Spider:2)
  3 bog bodies (Crypt:1)
  4 dream sheep (Shoals:2)
  7 hippogriffs
  70 raiju
  21 blink frogs
  6 snapping turtles
  A hippogriff (shapeshifter) (Abyss:1)
  Prince Ribbit (D:6)
  A stone giant simulacrum (Depths:3)
  122 slime creatures
  2 hornets (shapeshifter)
  A black mamba zombie (Crypt:3)
  4 ettin zombies
  179 starcursed masses
  An ice dragon skeleton (Tomb:3)
  5 air elementals
  2 frost giant simulacra (Depths:3)
  28 flying skulls
  A centaur simulacrum (Gauntlet)
  Sigmund (D:6)
  An alligator skeleton (Tomb:1)
  3 fire dragon skeletons
  72 redbacks
  32 yaks
  A tarantella (shapeshifter) (Depths:2)
  17 water elementals
  2 spriggans (Depths:5)
  2 spriggan skeletons (Depths:3)
  A wyvern (shapeshifter) (Depths:2)
  35 ynoxinuls
  An ettin skeleton (Crypt:1)
  2 vampires
  A hog (shapeshifter) (Depths:2)
  A spriggan (shapeshifter) (Vaults:2)
  5 wyverns
  26 ushabtiu
  11 humans
  A black mamba skeleton (Pan)
  6 fire bats
  14 wraiths
  15 tarantellas
  2 basilisks
  19 golden eyes
  3 vampire mosquitoes (D:15)
  A steam dragon (D:10)
  A wind drake skeleton (Crypt:1)
  29 chaos spawn
  4 fire elementals
  A merfolk zombie (Crypt:3)
  3 elf skeletons
  19 neqoxecs
  9 spatial vortices
  A hungry ghost (D:7)
  A yaktaur simulacrum (Vaults:1)
  A faun zombie (Crypt:2)
  5 wargs
  4 swamp worms (Spider:2)
  An insubstantial wisp (Abyss:3)
  2 nagas (Abyss:4)
  A soldier ant (shapeshifter) (Vaults:1)
  Edmund (D:4)
  An acid dragon (D:15)
  A torturous demonspawn skeleton (Crypt:2)
  10 porcupines
  A hell hound (Hell)
  3 floating eyes
  A floating eye (shapeshifter) (Vaults:2)
  2 hydra simulacra (Hell)
  16 water moccasins
  3 spiny frog zombies
  5 sky beasts
  A black bear (D:11)
  A black mamba simulacrum (Abyss:4)
  50 orc warriors
  14 eyes of draining
  3 ice beasts
  23 ogres
  3 phantoms
  A sky beast (shapeshifter) (Vaults:1)
  An ice dragon simulacrum (Tomb:3)
  2 necrophages
  7 boggarts
  An ettin simulacrum (Crypt:2)
  A wolf (shapeshifter) (Vaults:5)
  6 wolves (Gauntlet)
  2 snapping turtle skeletons
  32 centaurs
  A manticore skeleton (Tomb:1)
  A swamp dragon skeleton (Crypt:2)
  2 torpor snail zombies
  6 big kobolds
  11 crocodiles
  10 bullfrogs
  A cyclops zombie (Crypt:2)
  2 earth elementals
  A water moccasin skeleton (D:6)
  A scorpion (D:13)
  7 wyvern skeletons (Crypt:3)
  A spriggan zombie (Hell)
  2 elf simulacra
  9 killer bees
  A troll zombie (Hell)
  5 electric eels
  13 wights
  5 crimson imps
  A bullfrog zombie (D:5)
  9 quasits
  A wyvern simulacrum (Gauntlet)
  9 jellies
  23 orc priests
  4 hounds
  2 human zombies
  A bullfrog skeleton (D:6)
  6 iron imps
  A black bear skeleton (Crypt:1)
  Natasha (thrice) (D:4)
  4 iguanas
  25 orc wizards
  Terence (D:2)
  8 worker ants
  2 lightning spires (Gauntlet)
  2 killer bee zombies
  A bullfrog simulacrum (Gauntlet)
  3 hound zombies
  4 hound skeletons
  46 mummies
  A howler monkey zombie (D:10)
  A worker ant zombie (D:5)
  11 adders
  A river rat (D:4)
  6 shadow imps
  16 white imps
  14 ufetubi
  10 oozes
  An adder skeleton (D:4)
  2 worms
  6 dart slugs
  9 leopard geckos
  102 orcs
  5 ball pythons
  5 bats
  5 giant cockroaches
  A gnoll zombie (Crypt:2)
  12 goblins
  6 hobgoblins
  11 jackals
  39 kobolds
  3 quokkas
  5 frilled lizards
  A leopard gecko skeleton (D:4)
  2 leopard gecko zombies
  A quokka zombie (D:5)
  8 rats
  7 crawling corpses
  8 fungi
  2 lurking horrors (Abyss:4)
  57 plants
  18 starspawn tentacles
  2 tentacles (Shoals:1)
4121 creatures vanquished.

Vanquished Creatures (others)
  A tentacled starspawn (Abyss:1)
  An Executioner (Pan)
  A tengu reaver (Vaults:5)
  A draconian annihilator (Abyss:4)
  A ghoul (Crypt:1)
  A reaper (Crypt:3)
  A blood saint (WizLab)
  An ettin (Depths:1)
  A lorocyproca (Hell)
  A merfolk aquamancer (Shoals:2)
  A dancing weapon (Elf:2)
  A death scarab (Tomb:1)
  A hell hog (Abyss:5)
  A hell knight (Depths:5)
  2 thrashing horrors
  A wretched star (Abyss:1)
  A soul eater (Pan)
  A ghost moth zombie (Hell)
  2 necromancers
  2 manticores
  2 slime creatures
  A wolf spider (Spider:4)
  4 deep elf magi
  An apocalypse crab (Abyss:4)
  2 yaktaurs
  2 guardian mummies
  A freezing wraith (Vaults:5)
  A merfolk (Shoals:3)
  3 jumping spiders
  2 blink frogs
  2 hornets
  A hippogriff (Shoals:1)
  A wind drake (Shoals:1)
  A raiju (Abyss:4)
  2 flying skulls (Abyss:4)
  6 redbacks
  A tarantella (shapeshifter) (Abyss:5)
  A tarantella (Spider:3)
  A ynoxinul (Pan)
  2 humans (D:13)
  2 chaos spawn
  A small abomination (Abyss:4)
  3 large abominations
  A swamp worm (Spider:2)
  3 orc warriors
  An eye of draining (Slime:5)
  3 ogres
  3 starcursed masses
  An orc priest (Depths:5)
  An orc wizard (Orc:2)
  2 mummies (Tomb:2)
  A shadow imp (Depths:3)
  4 ufetubi (IceCv)
  A worm (D:4)
  10 fungi
  A lurking horror (Abyss:4)
  34 plants
  64 starspawn tentacles
  6 tentacles (Shoals:1)
  12 toadstools
  3 withered plants (Crypt:3)
217 creatures vanquished.

Grand Total: 4338 creatures vanquished

Notes
Turn   | Place    | Note
-------+----------+-------------------------------------------
     0 | D:1      | Madgibble the Vine Stalker Fighter began the quest for the
                  | Orb.
     0 | D:1      | Reached XP level 1. HP: 11/11 MP: 2/2
   166 | D:1      | Reached XP level 2. HP: 14/16 MP: 3/3
   304 | D:1      | Reached XP level 3. HP: 19/20 MP: 4/4
   957 | D:2      | Found a sacrificial altar of Ru.
   992 | D:2      | Became a worshipper of Ru the Awakened
  1047 | D:2      | Gained mutation: Your natural rate of healing is unusually
                  | fast. [Vine Stalker growth]
  1047 | D:2      | Reached XP level 4. HP: 22/24 MP: 5/5
  1083 | D:2      | Noticed Terence
  1099 | D:2      | Killed Terence
  1201 | D:2      | Found a bloodstained altar of Trog.
  1201 | D:2      | Found a shattered altar of Ashenzari.
  1441 | D:2      | Found a burning altar of Makhleb.
  1441 | D:2      | Found a radiant altar of Vehumet.
  1558 | D:2      | Found a glowing golden altar of the Shining One.
  1750 | D:3      | Reached XP level 5. HP: 29/29 MP: 4/6
  2069 | D:3      | Noticed an ice beast
  2073 | D:3      | Killed an ice beast
  2073 | D:3      | Reached XP level 6. HP: 21/33 MP: 5/7
  2242 | D:3      | Gained mutation: You are hated by all. [Ru sacrifice]
  2242 | D:3      | Reached * piety under Ru
  2427 | D:3      | Reached skill level 5 in Short Blades
  2724 | D:4      | Found a glowing drain.
  2729 | Sewer    | Entered a sewer
  3007 | Sewer    | Reached XP level 7. HP: 38/38 MP: 6/8
  3371 | D:4      | Found a shimmering altar of Xom.
  3404 | D:4      | Noticed Edmund
  3406 | D:4      | Noticed Natasha
  3417 | D:4      | Killed Edmund
  3422 | D:4      | Killed Natasha
  3480 | D:4      | Found an ancient bone altar of Kikubaaqudgha.
  3831 | D:4      | Gained mutation: You are somewhat inexperienced. (-2 XL)
                  | [Ru sacrifice]
  3831 | D:4      | Reached XP level 6. HP: 34/34 MP: 16/16
  3831 | D:4      | Reached XP level 5. HP: 30/30 MP: 15/15
  3831 | D:4      | Reached ** piety under Ru
  3831 | D:4      | Reached *** piety under Ru
  3835 | D:4      | Found a snail-covered altar of Cheibriados.
  3996 | D:4      | Found a staircase to the Ecumenical Temple.
  4110 | D:4      | Noticed Natasha
  4117 | D:4      | Killed Natasha
  4234 | D:4      | Noticed a centaur
  4245 | D:4      | Killed a centaur
  4245 | D:4      | Reached XP level 6. HP: 29/35 MP: 7/7
  4322 | D:4      | Noticed Natasha
  4331 | D:4      | Killed Natasha
  4341 | D:5      | Entered Level 5 of the Dungeon
  4423 | D:5      | Got a slimy spear
  4454 | D:5      | Found a stormy altar of Qazlal.
  4482 | D:5      | Reached skill level 5 in Fighting
  4556 | D:5      | Found Hode's General Store.
  4565 | D:5      | Bought a potion of might for 52 gold pieces
  4565 | D:5      | Bought a scroll of identify for 26 gold pieces
  4565 | D:5      | Bought a scroll of identify for 26 gold pieces
  4565 | D:5      | Bought a scroll of identify for 26 gold pieces
  4872 | D:6      | Reached XP level 7. HP: 39/39 MP: 8/8
  4952 | D:6      | Noticed Prince Ribbit
  4960 | D:6      | Found an iron altar of Okawaru.
  4973 | D:6      | Killed Prince Ribbit
  4973 | D:6      | Reached skill level 1 in Spellcasting
  5072 | D:6      | Gained mutation: You have razor-sharp teeth. [Vine Stalker
                  | growth]
  5072 | D:6      | Reached XP level 8. HP: 32/43 MP: 11/11
  5109 | D:6      | Noticed Sigmund
  5121 | D:6      | Killed Sigmund
  5230 | D:6      | Noticed a slime creature
  5239 | D:6      | Killed a slime creature
  5239 | D:6      | Reached skill level 1 in Evocations
  5241 | D:6      | Noticed a slime creature
  5252 | D:6      | Killed a slime creature
  5252 | D:6      | Reached XP level 9. HP: 39/48 MP: 14/14
  5760 | D:7      | Gained mutation: You cannot study or use magical devices.
                  | [Ru sacrifice]
  5760 | D:7      | Reached **** piety under Ru
  5760 | D:7      | Reached ***** piety under Ru
  5831 | D:7      | Found Zaicro's Weapon Emporium.
  5857 | D:7      | Reached skill level 5 in Shields
  6082 | D:7      | Reached XP level 10. HP: 37/53 MP: 17/17
  6153 | D:7      | Reached skill level 5 in Armour
  6335 | D:7      | Found a glowing silver altar of Zin.
  6763 | D:8      | Found Keheucup's Food Boutique.
  6892 | D:8      | Noticed Joseph
  6905 | D:8      | Killed Joseph
  6906 | D:8      | Found a shadowy altar of Dithmenos.
  7103 | D:9      | Noticed an eight-headed hydra
  7225 | D:9      | Reached skill level 5 in Spellcasting
  7334 | D:9      | Killed an eight-headed hydra
  7471 | D:9      | Reached skill level 1 in Stealth
  7471 | D:9      | Reached XP level 11. HP: 51/58 MP: 20/20
  7752 | D:10     | Entered Level 10 of the Dungeon
  8165 | D:10     | Reached skill level 10 in Short Blades
  8220 | D:10     | Noticed a two-headed ogre
  8226 | D:10     | Killed a two-headed ogre
  8433 | D:10     | Found Gicvuhisk's Antique Armour Shoppe.
  8434 | D:10     | Found Fiti's Book Emporium.
  8968 | D:11     | Noticed a six-headed hydra
  8975 | D:11     | Killed a six-headed hydra
  9006 | D:11     | Noticed a two-headed ogre
  9022 | D:11     | Killed a two-headed ogre
  9223 | D:11     | Found a staircase to the Orcish Mines.
  9262 | D:11     | Noticed a cyclops
  9275 | D:11     | Killed a cyclops
  9333 | D:11     | Found a staircase to the Lair.
  9604 | D:12     | Gained mutation: You heal very quickly. [Vine Stalker
                  | growth]
  9604 | D:12     | Reached XP level 12. HP: 64/64 MP: 22/22
  9869 | D:12     | Identified the +12 spear of Nuturior {venom, rElec rC+
                  | Str-2} (You found it on level 5 of the Dungeon)
 10073 | D:12     | Found Qanlij Soi's General Store.
 10491 | Orc:1    | Entered Level 1 of the Orcish Mines
 10499 | Orc:1    | Reached skill level 5 in Stealth
 10708 | Lair:1   | Entered Level 1 of the Lair of Beasts
 11585 | Lair:2   | Identified a scroll of acquirement
 11606 | Lair:2   | You fall through a shaft for 2 floors!
 11909 | Lair:4   | Noticed Rupert
 11920 | Lair:4   | Noticed a catoblepas
 11922 | Lair:4   | Killed Rupert
 11937 | Lair:4   | Killed a catoblepas
 11974 | Lair:4   | Gained mutation: You cannot study or cast Air magic. [Ru
                  | sacrifice]
 11974 | Lair:4   | Gained mutation: You cannot study or cast Hexes magic. [Ru
                  | sacrifice]
 11974 | Lair:4   | Gained mutation: You cannot study or cast Summoning magic.
                  | [Ru sacrifice]
 11974 | Lair:4   | Reached ****** piety under Ru
 12067 | Lair:4   | Got a pair of encrusted boots
 12073 | Lair:4   | Identified the +3 pair of boots "Xaha" {rElec} (You found
                  | it on level 4 of the Lair of Beasts)
 12493 | Lair:3   | Noticed Sonja
 12503 | Lair:3   | Killed Sonja
 12503 | Lair:3   | Reached XP level 13. HP: 42/70 MP: 26/26
 12597 | Lair:3   | Reached skill level 1 in Dodging
 12617 | Lair:3   | Found a hole to the Spider Nest.
 13156 | Lair:2   | Noticed Gastronok
 13186 | Lair:2   | Killed Gastronok
 13932 | D:10     | Bought gold dragon scales for 2160 gold pieces
 14155 | D:13     | Found a runed translucent door.
 14171 | D:13     | Noticed a great orb of eyes
 14171 | D:13     | Noticed a vault guard
 14183 | D:13     | Noticed a vault guard
 14183 | D:13     | Noticed a vault guard
 14217 | D:13     | Killed a vault guard
 14221 | D:13     | Killed a great orb of eyes
 14341 | D:13     | Killed a vault guard
 14377 | D:13     | Killed a vault guard
 14400 | D:13     | Noticed an ice dragon
 14402 | D:13     | Found a runed translucent door.
 14404 | D:13     | Found a runed translucent door.
 14415 | D:13     | Killed an ice dragon
 14424 | D:13     | Reached XP level 14. HP: 65/75 MP: 28/28
 14477 | D:13     | Identified Zal Tauc's Papyrus of Beguiling
 14654 | D:13     | Identified the +7 plate armour of Vifes {rF- Regen+ rCorr
                  | Dex+2}
 14733 | D:13     | Found a gate to the Vaults.
 14783 | D:13     | Identified the +5 plate armour of Dim Light {MR+}
 14843 | D:14     | Found a gate leading to a gauntlet.
 14850 | Gauntlet | Entered a Gauntlet
 14850 | Gauntlet | Found a transporter.
 14850 | Gauntlet | Found a transporter.
 14857 | Gauntlet | Found a transporter.
 14857 | Gauntlet | Found a transporter.
 14860 | Gauntlet | Found a transporter.
 14860 | Gauntlet | Found a transporter.
 14900 | Gauntlet | Found a transporter.
 14904 | Gauntlet | Found a transporter.
 14908 | Gauntlet | Found a transporter.
 14933 | Gauntlet | Found a transporter.
 14948 | Gauntlet | Found a transporter.
 14952 | Gauntlet | Found a transporter.
 15299 | Gauntlet | Got a pitted helmet
 15323 | Gauntlet | Identified the +0 helmet "Zaibler" {rElec rPois Regen+}
                  | (You found it in a Gauntlet)
 15347 | Gauntlet | Identified the +5 war axe of Temperance {chop, rN+ MR+}
 15369 | Gauntlet | Identified Iseos's Guide on Moulding
 15869 | D:14     | Found a stormy altar of Qazlal.
 16812 | Lair:3   | Found a staircase to the Shoals.
 17025 | Lair:5   | Found a runed translucent door.
 17025 | Lair:5   | Found a viscous altar of Jiyva.
 17030 | Lair:5   | Found a staircase to the Slime Pits.
 17803 | Lair:5   | Reached skill level 1 in Throwing
 17857 | Lair:6   | Entered Level 6 of the Lair of Beasts
 18385 | Lair:6   | Reached skill level 1 in Staves
 18417 | Lair:6   | Reached skill level 10 in Fighting
 18720 | Lair:6   | Reached skill level 2 in Staves
 18720 | Lair:6   | Reached XP level 15. HP: 59/80 MP: 29/29
 19678 | Spider:1 | Entered Level 1 of the Spider Nest
 19733 | Spider:1 | Reached skill level 10 in Spellcasting
 19951 | Spider:1 | Got a fine shortbow
 19965 | Spider:1 | Reached skill level 3 in Staves
 20085 | Spider:1 | Got an ivory flail
 20092 | Spider:1 | Identified the cursed +3 flail "Muno" {pain, rElec} (You
                  | found it on level 1 of the Spider Nest)
 20426 | Spider:2 | Noticed Arachne
 20454 | Spider:2 | Killed Arachne
 20625 | Spider:2 | Reached skill level 4 in Staves
 20777 | Spider:2 | Reached skill level 5 in Dodging
 21430 | Spider:3 | Reached skill level 5 in Staves
 21487 | Spider:3 | Reached skill level 10 in Armour
 21717 | Orc:2    | Entered Level 2 of the Orcish Mines
 22008 | Orc:2    | Found a roughly hewn altar of Beogh.
 22110 | Orc:2    | Found Caufe's Distillery.
 22124 | Orc:2    | Noticed an orc warlord
 22155 | Orc:2    | Killed an orc warlord
 22155 | Orc:2    | Reached skill level 6 in Staves
 22220 | Orc:2    | Reached XP level 16. HP: 54/86 MP: 31/31
 22232 | Orc:2    | Reached skill level 7 in Staves
 22295 | Orc:2    | Found Isye's Antique Armour Boutique.
 22298 | Orc:2    | Found a roughly hewn altar of Beogh.
 22301 | Orc:2    | Found Rivuz's Antique Weapon Shop.
 22315 | Orc:2    | Bought a glowing cloak for 172 gold pieces
 22360 | Orc:2    | Bought a potion of might for 60 gold pieces
 22360 | Orc:2    | Bought a potion of haste for 150 gold pieces
 22443 | Orc:2    | Found a roughly hewn altar of Beogh.
 22580 | Orc:2    | Gained mutation: Your magical capacity is low. (-10% MP) [a
                  | neqoxec]
 22582 | Orc:2    | Gained mutation: You occasionally shout uncontrollably at
                  | your foes. [a neqoxec]
 22588 | Orc:2    | Found a roughly hewn altar of Beogh.
 22663 | Orc:2    | Found a staircase to the Elven Halls.
 22894 | Orc:2    | Reached skill level 8 in Staves
 22903 | Orc:2    | Found Muoshrid's Armour Boutique.
 22949 | Orc:2    | Found a roughly hewn altar of Beogh.
 22952 | Orc:2    | Found Jihexkee's Jewellery Shoppe.
 22961 | Orc:2    | Bought the macabre finger necklace {rN+} for 480 gold
                  | pieces
 22961 | Orc:2    | Found the macabre finger necklace {rN+}
 23067 | Lair:2   | Lost mutation: Your magical capacity is low. (-10% MP)
                  | [potion of mutation]
 23067 | Lair:2   | Lost mutation: You occasionally shout uncontrollably at
                  | your foes. [potion of mutation]
 23067 | Lair:2   | Gained mutation: Your system is resistant to poisons.
                  | (rPois) [potion of mutation]
 23067 | Lair:2   | Gained mutation: Your flesh is heat resistant. (rF+)
                  | [potion of mutation]
 23067 | Lair:2   | Gained mutation: Your mind is acute. (Int +2) [potion of
                  | mutation]
 23224 | Elf:1    | Entered Level 1 of the Elven Halls
 23329 | Elf:1    | Reached skill level 9 in Staves
 23591 | Elf:1    | Found Qutt's Distillery.
 23710 | Elf:1    | Reached skill level 10 in Staves
 24389 | Elf:2    | Found a runed translucent gate.
 24390 | Elf:2    | Found a runed translucent gate.
 24391 | Elf:2    | Found a runed translucent gate.
 24467 | Elf:2    | Found Xamut's General Store.
 24473 | Elf:2    | Reached skill level 11 in Staves
 24492 | Elf:2    | Bought a scroll of teleportation for 54 gold pieces
 24502 | Elf:2    | Noticed Asterion
 24510 | Elf:2    | Noticed a Tzitzimitl
 24516 | Elf:2    | Killed Asterion
 24898 | Elf:2    | Reached skill level 12 in Staves
 25054 | Elf:2    | Reached XP level 17. HP: 83/90 MP: 32/32
 25735 | Spider:3 | Reached skill level 13 in Staves
 26740 | Spider:4 | Entered Level 4 of the Spider Nest
 26763 | Spider:4 | Reached skill level 14 in Staves
 26894 | Spider:4 | Found a frozen archway.
 26958 | IceCv    | Entered an ice cave
 27268 | IceCv    | Noticed an Ice Fiend
 27299 | IceCv    | Killed an Ice Fiend
 27349 | IceCv    | Found the +8 storm bow {elec}
 27353 | IceCv    | Noticed an Ice Fiend
 27366 | IceCv    | Killed an Ice Fiend
 27383 | IceCv    | Got a transparent demon blade
 27395 | IceCv    | Identified the +7 demon blade "Ciacveah" {elec, MR+ Int+3
                  | SInv} (You found it in an ice cave)
 27682 | Spider:4 | Reached skill level 1 in Long Blades
 27747 | Spider:4 | HP: 2/91 [ghost moth (5)]
 28404 | Spider:4 | Reached XP level 18. HP: 90/96 MP: 33/33
 28407 | Spider:4 | Paralysed by a hornet for 2 turns
 28580 | Spider:4 | Got a gossamer rune of Zot
 28599 | Spider:4 | Reached skill level 10 in Stealth
 29122 | D:14     | Found the +6 lightning scales {run, rElec}
 29323 | D:15     | Entered Level 15 of the Dungeon
 29771 | D:15     | Found Kuary Kett's Magic Scroll Emporium.
 29778 | D:15     | Bought a scroll of blinking for 112 gold pieces
 29778 | D:15     | Bought a scroll of fear for 52 gold pieces
 29778 | D:15     | Bought a scroll of magic mapping for 52 gold pieces
 29778 | D:15     | Bought a scroll of teleportation for 45 gold pieces
 29778 | D:15     | Bought a scroll of identify for 30 gold pieces
 29909 | D:15     | Noticed Agnes
 29916 | D:15     | Killed Agnes
 29968 | D:15     | Found a staircase to the Depths.
 30493 | Shoals:1 | Entered Level 1 of the Shoals
 31340 | Shoals:2 | Noticed Frances
 31346 | Shoals:2 | Noticed Aizul
 31360 | Shoals:2 | Killed Frances
 31370 | Shoals:2 | Killed Aizul
 31456 | Shoals:2 | Noticed Polyphemus
 31643 | Shoals:2 | Killed Polyphemus
 32346 | Shoals:3 | Noticed Kirke
 32357 | Shoals:3 | Killed Kirke
 32357 | Shoals:3 | Reached XP level 19. HP: 96/101 MP: 35/35
 32376 | Shoals:3 | Found Ohea's Jewellery Shop.
 32418 | Shoals:3 | Noticed Ilsuiw
 32437 | Shoals:3 | Killed Ilsuiw
 32684 | Shoals:3 | Noticed Mara
 32687 | Shoals:3 | Noticed Madgibble's illusion
 32707 | Shoals:3 | Killed Mara
 32942 | Shoals:4 | Entered Level 4 of the Shoals
 33020 | Shoals:4 | Reached skill level 5 in Long Blades
 33048 | Shoals:4 | Got a barnacled rune of Zot
 33065 | Shoals:4 | HP: 4/102 [merfolk impaler/+1 trident of distortion (13)]
 33213 | Shoals:4 | Got a distressingly furry cloak
 33216 | Shoals:4 | Identified the cursed +0 cloak of the Bagpipe {rC- Regen+
                  | Str+8 Dex-2} (You found it on level 4 of the Shoals)
 33410 | Shoals:4 | Found the amulet of Vitality {Regen+ HP+15}
 33593 | Shoals:4 | Reached skill level 15 in Staves
 33664 | Shoals:4 | Found a runed translucent gate.
 33665 | Shoals:4 | Found a runed translucent gate.
 33666 | Shoals:4 | Found a runed translucent gate.
 33694 | Shoals:4 | Noticed Jaiteiro's ghost (adept GrFi)
 33725 | Shoals:4 | Killed Jaiteiro's ghost
 33733 | Shoals:4 | Identified Uloh's Tome of Greatest Risks and Utility
 33880 | Shoals:4 | Learned a level 2 spell: Shroud of Golubria
 34490 | Elf:3    | Entered Level 3 of the Elven Halls
 34580 | Elf:3    | Reached skill level 1 in Translocations
 34580 | Elf:3    | Reached skill level 1 in Charms
 34643 | Elf:3    | Noticed a Brimstone Fiend
 34666 | Elf:3    | Identified the +3 fire dragon scales of the Morning {rF++
                  | rC- MR++ Str-2}
 34668 | Elf:3    | Identified the cursed +1 scythe of Propriety {drain, +Blink
                  | +Inv MR- Str-4}
 34697 | Elf:3    | Identified the +4 falchion of Overwhelming Force {venom,
                  | rF+ rC- Str+4}
 34698 | Elf:3    | Reached XP level 20. HP: 69/107 MP: 32/37
 34759 | Elf:3    | Identified the Incunabulum of Assistive Enchantment
 34780 | Elf:3    | Got a pair of dazzling gloves
 34799 | Elf:3    | Identified the cursed -3 pair of gloves of Winter {rC++}
                  | (You found it on level 3 of the Elven Halls)
 34816 | Elf:3    | Got an ichor-stained scale mail
 34817 | Elf:3    | Identified the +6 scale mail of the Dungeon {+Blink Dex+5}
                  | (You found it on level 3 of the Elven Halls)
 34862 | Elf:3    | Identified the ring of Spite {+Blink +Fly Str+4 Int-2}
 34864 | Elf:3    | Identified the ring of Meiczet {+Blink Str+2 Dex-4 Slay+5
                  | SInv}
 35537 | Vaults:1 | Entered Level 1 of the Vaults
 35578 | Vaults:1 | Found a magical portal.
 35598 | WizLab   | Entered The Hall of the Hellbinder
 35656 | WizLab   | Gained mutation: You are occasionally teleported next to
                  | monsters. [a cacodemon]
 35798 | WizLab   | Identified Uraroc's Compendium of the Escort
 35893 | WizLab   | Noticed Fodihusi
 35901 | WizLab   | Found a burning altar of Makhleb.
 35908 | WizLab   | Killed Fodihusi the Hellbinder
 35922 | WizLab   | Identified Etimecar's Disquisition on Calling
 35959 | WizLab   | Got a clouded pewter ring
 35966 | WizLab   | Identified the ring "Bito" {rF+ Str+3} (You found it in a
                  | wizard's laboratory)
 36291 | Lair:2   | Lost mutation: Your mind is acute. (Int +2) [potion of
                  | mutation]
 36291 | Lair:2   | Lost mutation: You are occasionally teleported next to
                  | monsters. [potion of mutation]
 36291 | Lair:2   | Gained mutation: You are frail. (-10% HP) [potion of
                  | mutation]
 36291 | Lair:2   | Gained mutation: You passively map a small area around you.
                  | [potion of mutation]
 36291 | Lair:2   | Lost mutation: You are frail. (-10% HP) [potion of
                  | mutation]
 36291 | Lair:2   | Gained mutation: Your spells are a little harder to cast,
                  | but a little more powerful. [potion of mutation]
 36423 | Vaults:1 | Paralysed by a hornet for 1 turns
 36676 | Vaults:1 | Got a vibrating amber ring
 36777 | Vaults:1 | Found Huthraud's Antique Weapon Shoppe.
 36990 | Vaults:1 | Learned a level 2 spell: Blink
 37236 | Vaults:1 | Found an opulent altar of Gozag.
 37332 | Vaults:1 | Found Wakhij's Weapon Boutique.
 37585 | Vaults:2 | Got a spiked chain mail
 37635 | Vaults:2 | Found Zuits's General Store.
 37649 | Vaults:2 | Bought a scroll of identify for 32 gold pieces
 37935 | Vaults:2 | Paralysed by a floating eye for 2 turns
 38218 | Vaults:2 | Found a staircase to the Crypt.
 38781 | Vaults:3 | Found Eriennoh's Book Boutique.
 38824 | Vaults:3 | Reached XP level 21. HP: 104/112 MP: 38/38
 39035 | Vaults:3 | Reached skill level 5 in Charms
 39042 | Vaults:3 | Reached skill level 5 in Translocations
 39388 | Vaults:3 | Identified the ring of Fabasi Farphy {rElec EV+4 Dex+3
                  | Stlth+} (You found it on level 1 of the Vaults)
 40281 | Vaults:4 | Found a flickering gateway to a bazaar.
 40307 | Bazaar   | Entered a bazaar
 40317 | Bazaar   | Found Qemupp's Gadget Shop.
 40344 | Bazaar   | Found Doatapsa's Antique Armour Shop.
 40700 | Vaults:4 | Noticed Margery
 40714 | Vaults:4 | Killed Margery
 41217 | Vaults:4 | Reached XP level 22. HP: 113/118 MP: 40/40
 41485 | Vaults:4 | Identified the +5 chain mail of Tender Moments {*Corrode
                  | rPois rN+++ Int+3} (You found it on level 2 of the Vaults)
 41686 | Vaults:4 | Reached skill level 16 in Staves
 42024 | Vaults:4 | Got a heavily runed helmet
 42035 | Vaults:4 | Identified the +1 helmet "Saexaset" {+Inv Str-2 Int+2
                  | Dex+3} (You acquired it on level 4 of the Vaults)
 42060 | Vaults:5 | Entered Level 5 of the Vaults
 42183 | Vaults:5 | Reached skill level 15 in Stealth
 42276 | Vaults:4 | Reached skill level 10 in Dodging
 42409 | Vaults:5 | Identified the ring "Beoralerch" {rElec rF+ rC+ Int+4}
 42474 | Vaults:5 | Reached XP level 23. HP: 84/123 MP: 42/42
 42973 | Vaults:5 | Identified the amulet of the Monkey's Uncle {+Rage Slay+2}
 43152 | Vaults:5 | Identified the Compendium of Hexes
 43175 | Vaults:5 | Got a steaming iron ring
 43176 | Vaults:5 | Identified the ring of Ipaha {rCorr rN+ Slay+3} (You found
                  | it on level 5 of the Vaults)
 43513 | Vaults:5 | Identified the Volume of Aid and Sinister Arts
 43626 | Vaults:5 | Got a silver rune of Zot
 44396 | Crypt:1  | Entered Level 1 of the Crypt
 45809 | Crypt:3  | Entered Level 3 of the Crypt
 46035 | Crypt:3  | Noticed Boris
 46054 | Crypt:3  | Noticed an ancient lich
 46057 | Crypt:3  | Gained mutation: You are clumsy. (Dex -2) [a cacodemon]
 46061 | Crypt:3  | Killed an ancient lich
 46071 | Crypt:3  | Identified the Papyrus of Good Luck and the Glacier
 46148 | Crypt:3  | Reached XP level 24. HP: 116/129 MP: 40/42
 46241 | Crypt:3  | Found an ancient bone altar of Kikubaaqudgha.
 46959 | Crypt:3  | Found a staircase to the Tomb.
 47067 | Crypt:3  | Noticed Frederick
 47081 | Crypt:3  | Killed Frederick
 47081 | Crypt:3  | Reached skill level 15 in Spellcasting
 47226 | Crypt:3  | Got a scorched dagger
 47280 | Crypt:3  | Identified the Collected Works on Black Magic
 47488 | Crypt:3  | Identified the +7 dagger of Day {venom, rPois rF+ Dex+5}
                  | (You found it on level 3 of the Crypt)
 47513 | Crypt:3  | Learned a level 3 spell: Regeneration
 47541 | Crypt:3  | Killed Boris
 47541 | Crypt:3  | Reached skill level 10 in Charms
 47557 | Crypt:3  | Reached skill level 10 in Translocations
 47951 | Depths:1 | Entered Level 1 of the Depths
 47963 | Depths:1 | Reached skill level 1 in Necromancy
 48018 | Depths:1 | Reached skill level 17 in Staves
 48781 | Depths:1 | Found a gateway to Hell.
 49307 | Depths:2 | Learned a level 2 spell: Song of Slaying
 49520 | Depths:2 | Reached XP level 25. HP: 118/135 MP: 42/43
 49620 | Depths:2 | Found a one-way gate leading to the halls of Pandemonium.
 49711 | Depths:2 | Found a one-way gate to the infinite horrors of the Abyss.
 50018 | Depths:2 | You fall through a shaft!
 50055 | Depths:3 | Noticed an ancient lich
 50068 | Depths:3 | Killed an ancient lich
 50069 | Depths:3 | Found an ancient bone altar of Kikubaaqudgha.
 50206 | Depths:3 | Identified the Catalogue of Warped Stones
 50212 | Depths:3 | Identified the Guide on the Voyage and Intoxication
 50215 | Depths:3 | Got an ancient flail
 50299 | Depths:3 | Reached skill level 15 in Fighting
 50455 | Depths:3 | Identified the +1 flail of Greed {elec, Int+4 Dex+4} (You
                  | found it on level 3 of the Depths)
 50630 | Depths:3 | Found a gateway to a ziggurat.
 50657 | Depths:3 | Reached skill level 5 in Necromancy
 52016 | Depths:4 | Found Hot Hedi's Gadget Shop.
 52017 | Depths:4 | Found Myisakua's Jewellery Shoppe.
 52019 | Depths:4 | Found Keawoko's Gadget Shop.
 52252 | Depths:4 | Found Amuwnuug's Distillery.
 52262 | Depths:4 | Bought a potion of magic for 184 gold pieces
 52262 | Depths:4 | Bought a potion of curing for 69 gold pieces
 52262 | Depths:4 | Bought a potion of haste for 230 gold pieces
 52262 | Depths:4 | Bought a potion of haste for 230 gold pieces
 52262 | Depths:4 | Bought a potion of curing for 69 gold pieces
 52262 | Depths:4 | Bought a potion of flight for 69 gold pieces
 52262 | Depths:4 | Bought a potion of curing for 69 gold pieces
 52262 | Depths:4 | Bought a potion of agility for 92 gold pieces
 52893 | Depths:5 | Entered Level 5 of the Depths
 52905 | Depths:5 | Noticed Saint Roka
 52922 | Depths:5 | Killed Saint Roka
 53208 | Depths:5 | Found a gate to the Realm of Zot.
 53510 | Depths:5 | Got a pair of warped boots
 53511 | Depths:5 | Identified the +1 pair of boots of the Iron Devil {MR+}
                  | (You acquired it on level 5 of the Depths)
 53631 | Depths:5 | Noticed Mennas
 54097 | Depths:5 | Killed Mennas
 54097 | Depths:5 | Reached skill level 18 in Staves
 54640 | Depths:2 | Voluntarily entered the Abyss.
 55493 | Abyss:1  | Found a corrupted altar of Lugonu.
 55739 | Abyss:2  | Found a blossoming altar of Fedhas.
 56159 | Abyss:4  | Paralysed by accursed screaming for 1 turns
 56323 | Abyss:4  | Reached skill level 10 in Necromancy
 56347 | Abyss:4  | Paralysed by accursed screaming for 1 turns
 56476 | Abyss:4  | Reached skill level 15 in Armour
 56483 | Abyss:5  | Entered Level 5 of the Abyss
 56483 | Abyss:5  | Entered Level 5 of the Abyss
 56582 | Abyss:5  | Paralysed by accursed screaming for 1 turns
 56657 | Abyss:5  | Paralysed by accursed screaming for 1 turns
 56850 | Depths:2 | Escaped the Abyss
 56887 | Depths:2 | Voluntarily entered the Abyss.
 56902 | Abyss:1  | Found a corrupted altar of Lugonu.
 57651 | Abyss:3  | Paralysed by accursed screaming for 1 turns
 57903 | Abyss:3  | Paralysed by accursed screaming for 1 turns
 58381 | Abyss:4  | Found a transporter.
 58415 | Abyss:4  | Found a transporter.
 58487 | Abyss:4  | Found a transporter.
 58532 | Abyss:4  | Found a transporter.
 58559 | Abyss:4  | Gained mutation: You tend to lose your temper in combat. [a
                  | neqoxec]
 58567 | Abyss:4  | Lost mutation: Your spells are a little harder to cast, but
                  | a little more powerful. [potion of mutation]
 58567 | Abyss:4  | Lost mutation: You are clumsy. (Dex -2) [potion of
                  | mutation]
 58567 | Abyss:4  | Lost mutation: You tend to lose your temper in combat.
                  | [potion of mutation]
 58567 | Abyss:4  | Gained mutation: You are robust. (+10% HP) [potion of
                  | mutation]
 58567 | Abyss:4  | Gained mutation: You are partially covered in iridescent
                  | scales. (AC +2) [potion of mutation]
 58628 | Abyss:4  | Paralysed by accursed screaming for 2 turns
 58635 | Abyss:4  | Paralysed by accursed screaming for 2 turns
 58743 | Abyss:4  | Found a transporter.
 58885 | Abyss:4  | Found a transporter.
 58908 | Abyss:4  | Got an abyssal rune of Zot
 59075 | Abyss:4  | Found a transporter.
 59449 | Abyss:4  | Paralysed by accursed screaming for 1 turns
 59457 | Abyss:4  | Paralysed by accursed screaming for 1 turns
 59548 | Depths:2 | Escaped the Abyss
 59837 | Slime:1  | Entered Level 1 of the Pits of Slime
 60247 | Slime:2  | Reached skill level 19 in Staves
 60445 | Slime:2  | Found a viscous altar of Jiyva.
 61264 | Slime:3  | Paralysed by a floating eye for 2 turns
 61403 | Slime:3  | Lost mutation: You are robust. (+10% HP) [a shining eye]
 61846 | Slime:4  | Gained mutation: You occasionally shout uncontrollably at
                  | your foes. [a shining eye]
 61913 | Slime:4  | Paralysed by a floating eye for 2 turns
 62104 | Slime:5  | Entered Level 5 of the Pits of Slime
 62228 | Slime:5  | Noticed the Royal Jelly
 62247 | Slime:5  | Killed the Royal Jelly
 62326 | Slime:5  | Got a warped helmet
 62386 | Slime:5  | Got a smoking ivory ring
 62412 | Slime:5  | Got a slimy rune of Zot
 62453 | Slime:5  | Identified the ring of Doubt {Ice Int+3 Stlth+} (You found
                  | it on level 5 of the Pits of Slime)
 62761 | Lair:2   | Identified the +4 helmet "Qeugryan" {rElec rF+} (You found
                  | it on level 5 of the Pits of Slime)
 63057 | Tomb:1   | Entered Level 1 of the Tomb of the Ancients
 63186 | Tomb:1   | Noticed a greater mummy
 63438 | Tomb:1   | Learned a level 3 spell: Lesser Beckoning
 63442 | Tomb:1   | Learned a level 3 spell: Gell's Gravitas
 63445 | Tomb:1   | Learned a level 2 spell: Sublimation of Blood
 63700 | Tomb:1   | Noticed a greater mummy
 63717 | Tomb:1   | Killed a greater mummy
 63772 | Tomb:1   | Noticed a greater mummy
 63785 | Tomb:1   | Killed a greater mummy
 63794 | Tomb:1   | Killed a greater mummy
 63810 | Tomb:1   | HP: 4/141 [something (29)]
 63986 | Tomb:1   | Got a transparent buckler
 64509 | Tomb:2   | Noticed a greater mummy
 64509 | Tomb:2   | Noticed an ancient lich
 64512 | Tomb:2   | Reached skill level 15 in Dodging
 64513 | Tomb:2   | Noticed a greater mummy
 64514 | Tomb:2   | Noticed an ancient lich
 64515 | Tomb:2   | Killed a greater mummy
 64518 | Tomb:2   | Killed an ancient lich
 64912 | Tomb:2   | Killed an ancient lich
 64917 | Tomb:2   | Killed a greater mummy
 65927 | Tomb:1   | Noticed a greater mummy
 65931 | Tomb:1   | Noticed a greater mummy
 65939 | Tomb:1   | Killed a greater mummy
 65948 | Tomb:1   | Killed a greater mummy
 65990 | Tomb:1   | Noticed a greater mummy
 66002 | Tomb:1   | Killed a greater mummy
 66115 | Tomb:1   | Noticed a greater mummy
 66127 | Tomb:1   | Killed a greater mummy
 66153 | Tomb:1   | Noticed a greater mummy
 66169 | Tomb:1   | Killed a greater mummy
 66172 | Tomb:1   | Noticed a greater mummy
 66174 | Tomb:1   | Noticed a greater mummy
 66175 | Tomb:1   | Noticed a greater mummy
 66182 | Tomb:1   | Killed a greater mummy
 66193 | Tomb:1   | Noticed a greater mummy
 66195 | Tomb:1   | Killed a greater mummy
 67100 | Hell     | Entered the Vestibule of Hell
 67100 | Hell     | Noticed Geryon
 67142 | Hell     | Killed Geryon
 67176 | Hell     | Reached skill level 20 in Staves
 67415 | Hell     | Found a gateway to the freezing wastes of Cocytus.
 67508 | Hell     | Found a gateway to the decaying netherworld of Tartarus.
 67617 | Hell     | Found a gateway to the Iron City of Dis.
 67772 | Hell     | Found a gateway to the ashen valley of Gehenna.
 68502 | Tomb:1   | Noticed a greater mummy
 68510 | Tomb:1   | Killed a greater mummy
 68523 | Tomb:1   | Killed a greater mummy
 68578 | Tomb:1   | Killed a greater mummy
 68704 | Tomb:1   | Noticed a greater mummy
 68721 | Tomb:1   | Killed a greater mummy
 68763 | Tomb:1   | Noticed a greater mummy
 68772 | Tomb:1   | Noticed a greater mummy
 68782 | Tomb:1   | Killed a greater mummy
 68795 | Tomb:1   | Killed a greater mummy
 68858 | Tomb:1   | Noticed a greater mummy
 68858 | Tomb:1   | Noticed a greater mummy
 68873 | Tomb:1   | Killed a greater mummy
 68878 | Tomb:1   | Noticed a greater mummy
 68882 | Tomb:1   | Killed a greater mummy
 68892 | Tomb:1   | Killed a greater mummy
 68946 | Tomb:1   | Noticed a greater mummy
 68954 | Tomb:1   | Killed a greater mummy
 69017 | Tomb:3   | Entered Level 3 of the Tomb of the Ancients
 69030 | Tomb:3   | Noticed a greater mummy
 69031 | Tomb:3   | Noticed a greater mummy
 69038 | Tomb:3   | Killed a greater mummy
 69044 | Tomb:3   | Killed a greater mummy
 69066 | Tomb:3   | Noticed a greater mummy
 69091 | Tomb:3   | Killed a greater mummy
 69098 | Tomb:3   | Noticed a greater mummy
 69117 | Tomb:3   | Killed a greater mummy
 69338 | Tomb:3   | Got a vibrating zirconium amulet
 69374 | Tomb:3   | Identified the amulet "Ycisurgh" {Fragile rElec Regen+
                  | Int+2 Dex+3} (You found it on level 3 of the Tomb of the
                  | Ancients)
 69376 | Tomb:3   | Identified the +2 buckler of Dogmatism {rPois rC+ Int+4
                  | SInv} (You acquired it on level 1 of the Tomb of the
                  | Ancients)
 69440 | Tomb:3   | Found the ring of Robustness {AC+8}
 69475 | Tomb:3   | Got a brightly glowing bone ring
 69540 | Tomb:3   | Identified the cursed ring of Zieceust {Str+3 Int-3 Dex+6}
                  | (You found it on level 3 of the Tomb of the Ancients)
 69556 | Tomb:3   | Got a warped cloak
 69557 | Tomb:3   | Identified the +0 cloak "Fidiuseph" {*Drain rN+ Str+2
                  | Int+3} (You found it on level 3 of the Tomb of the
                  | Ancients)
 69560 | Tomb:3   | Got a scintillating lapis lazuli ring
 69562 | Tomb:3   | Identified Sosesau's Last Tome of the Deep Elf Lorekeeper
 69569 | Tomb:3   | Got a crude plate armour
 69644 | Tomb:3   | Identified the cursed +0 plate armour of Gipnoep {rElec
                  | Str+4 Stlth+} (You found it on level 3 of the Tomb of the
                  | Ancients)
 69645 | Tomb:3   | Identified the ring of Xom's Hatred {*Corrode rF+++ rC+
                  | Dex+5} (You found it on level 3 of the Tomb of the
                  | Ancients)
 69838 | Tomb:3   | Noticed a greater mummy
 69850 | Tomb:3   | Killed a greater mummy
 69894 | Tomb:3   | Noticed a greater mummy
 69907 | Tomb:3   | Killed a greater mummy
 69908 | Tomb:3   | Noticed a greater mummy
 69926 | Tomb:3   | Killed a greater mummy
 69946 | Tomb:3   | Noticed a greater mummy
 69947 | Tomb:3   | Noticed a greater mummy
 69965 | Tomb:3   | Killed a greater mummy
 69971 | Tomb:3   | Killed a greater mummy
 69971 | Tomb:3   | Reached skill level 15 in Translocations
 70181 | Tomb:3   | Got a golden rune of Zot
 70732 | Lair:2   | Learned a level 1 spell: Apportation
 70979 | Pan      | Entered Pandemonium
 71063 | Pan      | Noticed Pebloz the pandemonium lord
 71093 | Pan      | Killed Pebloz the pandemonium lord
 71800 | Pan      | Entered the realm of Gloorx Vloq.
 71868 | Pan      | Learned a level 8 spell: Controlled Blink
 72725 | Pan      | Noticed Gloorx Vloq
 72745 | Pan      | Killed Gloorx Vloq
 72805 | Pan      | Got a dark rune of Zot
 73336 | Pan      | Reached skill level 21 in Staves
 73414 | Pan      | Noticed Seulelyd the pandemonium lord
 73426 | Pan      | Killed Seulelyd the pandemonium lord
 73739 | Pan      | Gained mutation: You are agile. (Dex +2) [a cacodemon]
 74578 | Pan      | Noticed Hiejueff the pandemonium lord
 74591 | Pan      | Killed Hiejueff the pandemonium lord
 75298 | Pan      | Found a transporter.
 75309 | Pan      | Found an exit through the horrors of the Abyss.
 75479 | Pan      | Found a transporter.
 76360 | Pan      | Entered the realm of Lom Lobon.
 76925 | Pan      | Noticed Lom Lobon
 76991 | Pan      | Killed Lom Lobon
 77056 | Pan      | Got a magical rune of Zot
 77632 | Pan      | Gained mutation: Scrolls take you a little longer to read.
                  | [a cacodemon]
 77762 | Pan      | Noticed Pomun the pandemonium lord
 77772 | Pan      | Killed Pomun the pandemonium lord
 78574 | Pan      | Noticed Onetsowurph the pandemonium lord
 78587 | Pan      | Killed Onetsowurph the pandemonium lord
 78594 | Pan      | Reached skill level 22 in Staves
 79637 | Pan      | Noticed Myrhekk the pandemonium lord
 79869 | Pan      | HP: 6/148 [Myrhekk the pandemonium lord (3)]
 79870 | Pan      | Annihilated by Myrhekk the pandemonium lord

Skill      XL: |  1  2  3  4  5  6  7  8  9 10 11 12 13 14 15 16 17 18 19 20 21 22 23 24 25 |
---------------+----------------------------------------------------------------------------+-----
Short Blades   | 2 3 4 6 5 7 8 9 10 11 12 | 12.8
Fighting       | 3 4 5 6 7 8 9 10 11 12 13 14 20 | 20.7
Shields        | 4 5 6 7 8 9 |  9.0
Armour         | 3 4 5 6 7 8 9 10 11 12 13 18 | 18.6
Spellcasting   | 1 2 4 5 6 8 9 10 11 12 13 14 15 21 | 21.8
Evocations     | 1 0 |  0.0
Stealth        | 1 4 6 8 9 11 12 13 14 15 | 15.3
Dodging        | 2 4 5 6 7 8 9 10 11 18 | 18.7
Throwing       | 2 4 |  4.2
Staves         | 2 6 12 14 15 16 17 22 | 22.1
Long Blades    | 1 4 5 7 |  7.0
Translocations | 2 4 6 7 9 10 18 | 18.1
Charms         | 2 4 6 7 9 10 14 | 14.6
Necromancy     | 3 13 | 13.7

Action                   |  1- 3 |  4- 6 |  7- 9 | 10-12 | 13-15 | 16-18 | 19-21 | 22-24 | 25-27 || total
-------------------------+-------+-------+-------+-------+-------+-------+-------+-------+-------++-------
Melee: Rapier            |    89 |   192 |       |       |       |       |       |       |       ||   281
       Bite              |    23 |    90 |   111 |   223 |   630 |   642 |   544 |   700 |  2565 ||  5528
       Dagger            |       |    92 |   274 |   614 |  1531 |   293 |       |       |       ||  2804
       Lajatang          |       |       |       |       |       |  1262 |  1309 |  1374 |  5291 ||  9236
       Short sword       |       |       |       |       |       |   161 |       |       |       ||   161
Throw: Javelin           |       |       |       |       |       |     2 |     4 |       |     1 ||     7
 Cast: Song of Slaying   |       |       |       |       |       |       |       |     1 |    38 ||    39
       Shroud of Golubri |       |       |       |       |       |       |       |     1 |     7 ||     8
       Regeneration      |       |       |       |       |       |       |       |       |    79 ||    79
       Blink             |       |       |       |       |       |       |       |       |     3 ||     3
       Lesser Beckoning  |       |       |       |       |       |       |       |       |     1 ||     1
Invok: Sacrifice Experie |       |     1 |       |       |       |       |       |       |       ||     1
       Sacrifice Love    |       |     1 |       |       |       |       |       |       |       ||     1
       Power Leap        |       |       |     2 |     5 |    11 |     5 |     3 |     1 |    39 ||    66
       Sacrifice Artific |       |       |     1 |       |       |       |       |       |       ||     1
       Apocalypse        |       |       |       |     6 |     6 |     5 |     7 |     4 |    25 ||    53
       Reject Sacrifices |       |       |       |     1 |       |       |       |       |       ||     1
       Sacrifice Arcana  |       |       |       |     1 |       |       |       |       |       ||     1
       Draw Out Power    |       |       |       |       |       |       |     2 |       |       ||     2
  Use: Scroll            |     6 |    11 |       |     9 |    12 |    16 |    14 |     7 |    26 ||   101
       Potion            |       |     1 |       |       |     1 |     6 |     3 |     4 |    14 ||    29
 Stab: Invisible         |       |       |     1 |    11 |    12 |    22 |    10 |    11 |    73 ||   140
       Paralysed         |       |       |       |     4 |    18 |     6 |    14 |     8 |    31 ||    81
       Distracted        |       |       |       |     1 |     8 |    11 |     2 |     9 |    39 ||    70
       Petrified         |       |       |       |       |     1 |       |       |       |       ||     1
       Petrifying        |       |       |       |       |       |       |       |       |     1 ||     1
  Eat: Chunk             |     1 |     9 |     7 |    13 |    22 |    28 |    15 |    14 |    35 ||   144
       Ration            |       |       |       |     2 |     3 |     2 |     4 |     4 |    21 ||    36
Armor: Scale mail        |    26 |     5 |       |       |       |       |       |       |       ||    31
       Ring mail         |     1 |       |       |       |       |       |       |       |       ||     1
       Plate armour      |       |   166 |    97 |   153 |    43 |       |       |       |       ||   459
       Gold dragon scale |       |       |       |       |   769 |  1500 |   820 |   569 |  3224 ||  6882
Dodge: Dodged            |    21 |    35 |    20 |    52 |   211 |   512 |   495 |   630 |  3647 ||  5623
       Deflected         |       |       |       |       |       |    12 |    65 |    25 |    93 ||   195
Block: Shield            |    43 |   144 |   111 |   210 |   607 |   199 |       |       |       ||  1314
